 Dungeon Crawl Stone Soup version 0.29.0-4-gdea44cf6ec (webtiles) character file.

Game seed: 3137093641636550903

1409 qw the Cleaver (level 8, -7/63 HPs)
             Began as a Minotaur Berserker on Sept 4, 2022.
             Was a Believer of Trog.
             Killed from afar by Maggie (11 damage)
             ... with a bolt of fire
             ... on level 6 of the Dungeon.
             The game lasted 00:01:25 (5038 turns).

qw the Cleaver (Minotaur Berserker)                 Turns: 5038, Time: 00:01:25

Health: -7/63      AC: 16    Str: 24    XL:     8   Next: 42%
Magic:  7/7        EV:  6    Int:  4    God:    Trog [**....]
Gold:   126        SH:  4    Dex:  8    Spells: 7/7 levels left

rFire   . . .      SeeInvis .   g - +0 broad axe
rCold   . . .      Faith    .   j - +0 buckler
rNeg    . . .      Spirit   .   e - +0 plate armour
rPois   .          Reflect  .   (helmet restricted)
rElec   .          Harm     .   (no cloak)
rCorr   .          Rampage  .   (no gloves)
Will    .....                   m - +1 pair of boots
Stlth   ..........              (no amulet)
HPRegen 0.20/turn               (no ring)
MPRegen 0.10/turn               (no ring)

@: on berserk cooldown, slowed, very slow
A: horns 2, retaliatory headbutt, iridescent scales 1, clumsy 1, frail 1
a: Renounce Religion, Berserk, Trog's Hand


You were on level 6 of the Dungeon.
You worshipped Trog.
Trog was pleased with you.
You visited 1 branch of the dungeon, and saw 6 of its levels.

You collected 236 gold pieces.
You spent 110 gold pieces at shops.


Innate Abilities, Weirdness & Mutations

You have a pair of horns on your head.
You reflexively headbutt those who attack you in melee.
You are partially covered in iridescent scales. (AC +2)
You are clumsy. (Dex -2)
You are frail. (-10% HP)


   Skills:
 - Level 6.0 Fighting
 + Level 10.1 Axes
 - Level 3.1 Throwing
 - Level 4.4 Armour
 - Level 2.1 Dodging
 - Level 3.3 Shields


You had 7 spell levels left.
You didn't know any spells.
Your spell library was empty.

Inventory:

Hand Weapons
 c - a +2 hand axe of flaming
 g - a +0 broad axe (weapon)
Missiles
 l - 2 boomerangs (quivered)
Armour
 e - a +0 plate armour (worn)
 j - a +0 buckler (worn)
 m - a +1 pair of boots (worn)
Scrolls
 o - 3 scrolls of identify
Potions
 a - 2 potions of haste
 b - a potion of might
 h - 2 potions of resistance
 k - 3 potions of curing

Dungeon Overview and Level Annotations

Branches:
Dungeon (6/15)
 Temple: D:4-7

Altars:
Kikubaaqudgha
Uskayaw
Yredelemnul

Shops:
D:5 ?

Annotations:
D:4 1 runed translucent door, Crazy Yiuf
D:6 Maggie


Message History

The bolt of fire hits you!
5029 ||| DRINKING potion of heal wounds.
You feel much better.
Maggie hits you with a +1 halberd of protection. x2
You barely miss Maggie.
Maggie is moderately wounded.
Maggie casts a spell at you. The bolt of fire hits you!
You barely miss Maggie. You headbutt Maggie.
Maggie is heavily wounded.
Maggie hits you but does no damage. Maggie casts a spell at you.
The bolt of fire misses you.
You hit Maggie but do no damage.
Maggie is heavily wounded.
Maggie gestures wildly while chanting.
Maggie attempts to bespell you! You resist with almost no effort.
Maggie hits you with a +1 halberd of protection.
You closely miss Maggie.
Maggie is heavily wounded.
Maggie completely misses you. You furiously retaliate!
You headbutt Maggie. You hit Maggie. You headbutt Maggie.
Maggie is heavily wounded.
Maggie drinks a potion.
Maggie is healed!
Maggie hits you but does no damage.
You barely miss Maggie.
Maggie is moderately wounded.
Maggie hits you but does no damage.
Maggie hits you with a +1 halberd of protection!
You slash Maggie!
Maggie is moderately wounded.
Maggie hits you but does no damage.
You closely miss Maggie. Your headbutt misses Maggie.
Maggie is moderately wounded.
Maggie hits you with a +1 halberd of protection.
Maggie completely misses you.
You hit Maggie but do no damage. You headbutt Maggie, but do no damage.
Maggie is moderately wounded.
Maggie gestures at you while chanting. The bolt of fire hits you!
You die...

..# ... ..##.. #.#.?
#.#.# #... #[.####..
#@.....# #@####.##
####.).....(
#############..>..###...
#..........##)##.##
#...)......##.##.#
#.............##[#
#...[......#####.#
#<.........# #.#
#..........# ?.#


You could see Maggie.

Vanquished Creatures
  Edmund (D:6)
  An orc warrior (D:3)
  A black bear (D:5)
  An ogre (D:4)
  A bullfrog (D:6)
  3 necrophages
  A gnoll sergeant (D:5)
  3 scorpions
  2 howler monkeys
  2 hounds
  5 orc priests
  Ijyb (D:4)
  4 orc wizards
  4 gnolls (D:5)
  3 adders
  3 worms
  5 dart slugs
  14 orcs
  5 endoplasms
  4 giant cockroaches
  9 goblins
  4 hobgoblins
  5 kobolds
  4 quokkas
  7 ball pythons
  7 bats
  A frilled lizard (D:2)
  2 rats
103 creatures vanquished.

Vanquished Creatures (others)
  A human (D:3)
1 creature vanquished.

Grand Total: 104 creatures vanquished

Notes
Turn   | Place    | Note
-------+----------+-------------------------------------------
     0 | D:1      | qw the Minotaur Berserker began the quest for the Orb.
     0 | D:1      | Reached XP level 1. HP: 19/19 MP: 0/0
     0 | D:1      | 0 ||| qw: Version: 0.1-a-103-gd6f5d3a
     0 | D:1      | 0 ||| qw: Game counter: 5565
     0 | D:1      | 0 ||| qw: Always use a shield: true
     0 | D:1      | 0 ||| qw: Do Orc after D:15 true
     0 | D:1      | 0 ||| qw: Do second Lair branch before Depths: true
     0 | D:1      | 0 ||| qw: Lair rune preference: random
     0 | D:1      | 0 ||| qw: Plans: Normal
     0 | D:1      | 0 ||| PLANNING D:1-11
    41 | D:1      | 41 ||| Stepping ~*~*~tactically~*~*~ (stealth).
    52 | D:1      | Reached skill level 4 in Axes
   328 | D:1      | Reached XP level 2. HP: 25/26 MP: 1/1
   454 | D:1      | 454 ||| Stepping ~*~*~tactically~*~*~ (hiding).
   557 | D:1      | 557 ||| Stepping ~*~*~tactically~*~*~ (hiding).
   982 | D:1      | 982 ||| UPGRADING to +0 ring mail.
   992 | D:1      | 992 ||| DROPPING +0 animal skin.
  1012 | D:1      | 1012 ||| READING 2 scrolls labelled JAIHIPS XANAS.
  1013 | D:1      | 1013 ||| READING scroll labelled IFREESTR SIOKI.
  1018 | D:1      | 1018 ||| READING scroll labelled HEEPIG ENAISU.
  1168 | D:1      | 1168 ||| READING scroll labelled RAEZIVV PYOXT.
  1169 | D:1      | 1169 ||| DROPPING +0 club.
  1172 | D:1      | 1172 ||| READING scroll labelled ETYUMA PUXEGG.
  1173 | D:1      | 1173 ||| READING 3 scrolls labelled DIGARUQEXI.
  1174 | D:1      | 1174 ||| READING 2 scrolls of identify.
  1174 | D:1      | 1174 ||| IDENTIFYING inky potion
  1175 | D:1      | 1175 ||| DROPPING scroll of vulnerability.
  1176 | D:1      | 1176 ||| DROPPING potion of brilliance.
  1207 | D:2      | Reached skill level 5 in Axes
  1239 | D:2      | Reached XP level 3. HP: 31/31 MP: 2/2
  1267 | D:2      | 1267 ||| INVOKING Berserk.
  1294 | D:2      | 1294 ||| Stepping ~*~*~tactically~*~*~ (stealth).
  1431 | D:2      | 1431 ||| FLEEEEING.
  1436 | D:2      | 1436 ||| Stepping ~*~*~tactically~*~*~ (hiding).
  1522 | D:2      | Reached ** piety under Trog
  1546 | D:2      | 1546 ||| INVOKING Berserk.
  1773 | D:2      | Found a faded altar of an unknown god.
  1973 | D:2      | 1973 ||| DROPPING ring of magical power.
  1974 | D:2      | 1974 ||| READING scroll labelled VAREUF EMEE.
  1975 | D:2      | 1975 ||| READING scroll labelled PUNNI UNEKKUTO.
  1976 | D:2      | 1976 ||| READING 2 scrolls labelled PUSAIZ ZYIKE.
  1977 | D:2      | 1977 ||| READING scroll of enchant weapon.
  1977 | D:2      | 1977 ||| ENCHANTING +1 hand axe of flaming.
  1978 | D:2      | 1978 ||| DRINKING 2 clear potions.
  1979 | D:2      | 1979 ||| DROPPING potion of attraction.
  1999 | D:3      | Found an ancient bone altar of Kikubaaqudgha.
  1999 | D:3      | You fall into a shaft and drop 2 floors!
  1999 | D:5      | Entered Level 5 of the Dungeon
  2008 | D:4      | Noticed an ogre
  2009 | D:4      | 2009 ||| INVOKING Berserk.
  2012 | D:4      | Killed an ogre
  2013 | D:4      | Reached skill level 3 in Throwing
  2013 | D:4      | Reached XP level 4. HP: 29/39 MP: 3/3
  2197 | D:4      | 2197 ||| SWAPPING to +0 war axe.
  2205 | D:4      | Reached XP level 5. HP: 38/45 MP: 4/4
  2306 | D:4      | Reached skill level 6 in Axes
  2324 | D:4      | Found a basalt altar of Yredelemnul.
  2451 | D:4      | Noticed Ijyb
  2454 | D:4      | 2454 ||| INVOKING Berserk.
  2457 | D:4      | Killed Ijyb
  2576 | D:4      | 2576 ||| Stepping ~*~*~tactically~*~*~ (stealth).
  2582 | D:4      | Reached skill level 7 in Axes
  2582 | D:4      | Reached XP level 6. HP: 48/51 MP: 5/5
  2582 | D:4      | 2582 ||| Stepping ~*~*~tactically~*~*~ (hiding).
  2778 | D:4      | 2778 ||| Stepping ~*~*~tactically~*~*~ (hiding).
  2779 | D:4      | 2779 ||| Stepping ~*~*~tactically~*~*~ (hiding).
  2784 | D:4      | 2784 ||| INVOKING Berserk.
  2955 | D:4      | 2955 ||| INVOKING Berserk.
  2961 | D:4      | Reached skill level 8 in Axes
  3139 | D:4      | 3139 ||| UPGRADING to +0 plate armour.
  3149 | D:4      | 3149 ||| DROPPING +0 ring mail.
  3150 | D:4      | 3150 ||| DRINKING 3 dark potions.
  3151 | D:4      | 3151 ||| DRINKING 3 sedimented coppery potions.
  3194 | D:3      | Noticed a human
  3198 | D:3      | Noticed an orc warrior
  3198 | D:3      | 3198 ||| Stepping ~*~*~tactically~*~*~ (stealth).
  3198 | D:3      | Killed a human
  3203 | D:3      | 3203 ||| Stepping ~*~*~tactically~*~*~ (stealth).
  3208 | D:3      | 3208 ||| INVOKING Berserk.
  3212 | D:3      | Killed an orc warrior
  3213 | D:3      | Reached skill level 3 in Armour
  3213 | D:3      | Reached XP level 7. HP: 60/60 MP: 6/6
  3217 | D:3      | 3217 ||| DRINKING 2 potions of curing.
  3217 | D:3      | 3217 ||| (to cure confusion)
  3218 | D:3      | Noticed a +0 hand axe
  3219 | D:3      | Found a hide-covered altar of Uskayaw.
  3221 | D:3      | Noticed a +0 dagger
  3227 | D:3      | 3227 ||| DRINKING potion of curing.
  3227 | D:3      | 3227 ||| (to cure confusion)
  3382 | D:3      | 3382 ||| INVOKING Berserk.
  3554 | D:3      | 3554 ||| Stepping ~*~*~tactically~*~*~ (hiding).
  3774 | D:3      | 3774 ||| Stepping ~*~*~tactically~*~*~ (stealth).
  3880 | D:3      | 3880 ||| UPGRADING to +0 pair of boots.
  3885 | D:3      | 3885 ||| UPGRADING to +1 pair of boots.
  3895 | D:3      | 3895 ||| DROPPING +0 pair of boots.
  3896 | D:3      | 3896 ||| READING scroll labelled YPANKIE JOSS.
  3897 | D:3      | 3897 ||| READING scroll labelled IREN PUMIUD.
  3958 | D:4      | Found a runed translucent door.
  3959 | D:4      | Noticed Crazy Yiuf
  4295 | D:4      | 4295 ||| READING 2 scrolls of identify.
  4295 | D:4      | 4295 ||| IDENTIFYING red potion
  4389 | D:5      | Reached skill level 9 in Axes
  4536 | D:5      | 4536 ||| Stepping ~*~*~tactically~*~*~ (stealth).
  4564 | D:5      | Found Eqeme's Magic Scroll Emporium.
  4569 | D:5      | 4569 ||| SHOPLISTING scroll of acquirement (572 gold, have
                  | 236).
  4569 | D:5      | 4569 ||| BUYING scroll of identify (22 gold).
  4569 | D:5      | Bought a scroll of identify for 22 gold pieces
  4569 | D:5      | 4569 ||| BUYING scroll of identify (22 gold).
  4569 | D:5      | Bought a scroll of identify for 22 gold pieces
  4569 | D:5      | 4569 ||| BUYING scroll of identify (22 gold).
  4569 | D:5      | Bought a scroll of identify for 22 gold pieces
  4569 | D:5      | 4569 ||| BUYING scroll of identify (22 gold).
  4569 | D:5      | Bought a scroll of identify for 22 gold pieces
  4569 | D:5      | 4569 ||| BUYING scroll of identify (22 gold).
  4569 | D:5      | Bought a scroll of identify for 22 gold pieces
  4580 | D:5      | 4580 ||| INVOKING Berserk.
  4588 | D:5      | Reached XP level 8. HP: 68/68 MP: 7/7
  4594 | D:5      | Reached skill level 10 in Axes
  4773 | D:5      | Reached skill level 6 in Fighting
  4963 | D:5      | 4963 ||| UPGRADING to +0 buckler.
  4968 | D:5      | 4968 ||| READING scroll labelled HEAXKU MUCEESE.
  4969 | D:5      | 4969 ||| DRINKING 2 fuming white potions.
  4969 | D:5      | Gained mutation: You occasionally lose the ability to read
                  | scrolls when taking damage. [potion of mutation]
  4969 | D:5      | Gained mutation: You are agile. (Dex +4, Str/Int -1)
                  | [potion of mutation]
  4970 | D:5      | 4970 ||| DRINKING potion of mutation.
  4970 | D:5      | Lost mutation: You are agile. (Dex +4, Str/Int -1) [potion
                  | of mutation]
  4970 | D:5      | Lost mutation: You occasionally lose the ability to read
                  | scrolls when taking damage. [potion of mutation]
  4970 | D:5      | Gained mutation: You are partially covered in iridescent
                  | scales. (AC +2) [potion of mutation]
  4970 | D:5      | Gained mutation: You are clumsy. (Dex -2) [potion of
                  | mutation]
  4970 | D:5      | Gained mutation: You are frail. (-10% HP) [potion of
                  | mutation]
  4971 | D:5      | 4971 ||| READING 6 scrolls of identify.
  4971 | D:5      | 4971 ||| IDENTIFYING viscous clear potion
  4972 | D:5      | 4972 ||| READING 5 scrolls of identify.
  4972 | D:5      | 4972 ||| IDENTIFYING amethyst potion
  4973 | D:5      | 4973 ||| READING 4 scrolls of identify.
  4973 | D:5      | 4973 ||| IDENTIFYING cyan potion
  4974 | D:5      | 4974 ||| DROPPING potion of ambrosia.
  4998 | D:6      | 4998 ||| SWAPPING to +0 broad axe.
  4999 | D:6      | 4999 ||| DROPPING +0 war axe.
  5004 | D:6      | Noticed Edmund
  5008 | D:6      | Noticed Maggie
  5009 | D:6      | 5009 ||| INVOKING Berserk.
  5014 | D:6      | Reached skill level 1 in Shields
  5017 | D:6      | Killed Edmund
  5018 | D:6      | Reached skill level 3 in Shields
  5028 | D:6      | HP: 14/63 [Maggie/bolt of fire (13)]
  5029 | D:6      | 5029 ||| DRINKING potion of heal wounds.
  5035 | D:6      | HP: 8/63 [Maggie/+1 halberd of protection (8)]
  5038 | D:6      | Killed from afar by Maggie

Levels and vault maps discovered:
D:1:      lightli_molten_gateway, layout_basic, minmay_domino_2
D:2:      layout_rooms, shapermc_ecumenical_altar_mp_vishouse
D:3:      layout_rooms, dancing_weapons_uskayaw, tgw_kikubaaqudgha
D:4:      layout_loops_ring, mainiacjoe_overflow_paths,
          eino_small_chamber_without_monster, uniq_crazy_yiuf_cottage, uniq_ijyb
D:5:      layout_basic, serial_shops, shop
D:6:      layout_rooms, nicolae_qazlal_scattered_showers, nrook_uturn,
          ebering_dispersal_statue_hall, uniq_edmund, uniq_pikel, uniq_maggie

Skill      XL: |  1  2  3  4  5  6  7  8 |
---------------+-------------------------+-----
Axes           | 4 5 7 8 9 10 | 10.1
Throwing       | 3 |  3.1
Fighting       | 4 5 6 |  6.0
Armour         | 3 4 |  4.4
Shields        | 3 |  3.3
Dodging        | |  2.1

Action                   |  1- 3 |  4- 6 |  7- 9 || total
-------------------------+-------+-------+-------++-------
Melee: Hand axe          |    54 |       |       ||    54
       Punch             |     1 |     1 |       ||     2
       Headbutt          |     7 |    10 |    22 ||    39
       War axe           |       |    66 |    65 ||   131
       Broad axe         |       |       |    30 ||    30
Throw: Boomerang         |    18 |     2 |    10 ||    30
       Javelin           |     7 |    12 |    10 ||    29
Invok: Berserk           |     3 |     4 |     3 ||    10
  Use: Scroll            |    11 |       |     7 ||    18
       Potion            |     1 |     2 |     5 ||     8
Armor: Animal skin       |     5 |       |       ||     5
       Ring mail         |     7 |     9 |       ||    16
       Plate armour      |       |     7 |    71 ||    78
Dodge: Dodged            |    26 |    30 |    22 ||    78
Block: Buckler           |       |       |     3 ||     3

Table legend:
 A = Non-vault XP
 B = Vault XP
 C = Vault XP percentage of total XP
 D = Non-vault monster count
 E = Vault monster count
 F = Vault count percentage of total count
                 A         B        C        D         E       F
            +---------+---------+-------+---------+---------+-------
      Total |    1832 |     182 |   9.0 |     100 |       3 |   2.9
            +---------+---------+-------+---------+---------+-------
        D:1 |      26 |       4 |  13.3 |      14 |       1 |   6.7
        D:2 |      46 |       0 |   0.0 |      21 |       0 |   0.0
        D:3 |     301 |       0 |   0.0 |      24 |       0 |   0.0
        D:4 |     558 |      36 |   6.1 |      23 |       1 |   4.2
        D:5 |     808 |       0 |   0.0 |      16 |       0 |   0.0
        D:6 |      93 |     142 |  60.4 |       2 |       1 |  33.3
            +---------+---------+-------+---------+---------+-------
